[Event "ICC tourney 2673 (25 5)"]
[Site "Internet Chess Club"]
[Date "2021.09.18"]
[Round "4"]
[White "WUDALI, PRANAV AVYAI:Pwudali"]
[Black "VADHER, PREASH MAYANK:preashvadher"]
[Result "0-1"]
[ICCResult "White checkmated"]
[WhiteElo "474"]
[BlackElo "771"]
[Opening "Petrov three knights game"]
[ECO "C42"]
[NIC "RG.01"]
[Time "15:30:51"]
[TimeControl "1500+5"]

1. e4 e5 2. Nf3 Nf6 3. Nc3 Bb4 4. Bd3 O-O 5. a3 Ba5 6. Bc4 d6 7. O-O Bg4 8.
h3 Bh5 9. d3 Nbd7 10. b4 Bb6 11. a4 a5 12. bxa5 Bxa5 13. Rb1 Bxc3 14. Bb5
Nb6 15. Rb3 Bd4 16. Ra3 c6 17. Bc4 Nxa4 18. Bb3 Nc3 19. Qd2 Bxf3 20. gxf3
Nh5 21. Rxa8 Qxa8 22. Bb2 Nb5 23. Bxd4 Nxd4 24. Qe3 Nf4 25. Bc4 Qd8 26. Qd2
Qg5+ 27. Kh2 Qg2# {White checkmated} 0-1

[Event "ICC tourney 2673 (25 5)"]
[Site "Internet Chess Club"]
[Date "2021.09.18"]
[Round "4"]
[White "JEHIN, RISHIN:K01-30043660"]
[Black "ZHANG, SARAH:K05-16865540"]
[Result "1/2-1/2"]
[ICCResult "Black stalemated"]
[WhiteElo "1205"]
[BlackElo "1081"]
[Opening "Giuoco Piano"]
[ECO "C53"]
[NIC "IG.02"]
[Time "15:30:46"]
[TimeControl "1500+5"]

1. e4 e5 2. Nf3 Nc6 3. Bc4 Bc5 4. c3 d6 5. d4 exd4 6. cxd4 Bb4+ 7. Nc3 Nf6
8. Bg5 h6 9. Bxf6 Qxf6 10. O-O O-O 11. Nd5 Qd8 12. a3 Ba5 13. b4 Bb6 14. a4
a6 15. Nxb6 cxb6 16. Qb3 Bg4 17. b5 axb5 18. axb5 Na5 19. Qc3 Rc8 20. Ra4
Bxf3 21. gxf3 Qc7 22. Rc1 Qe7 23. Qe3 Nxc4 24. Raxc4 Qd7 25. d5 Rxc4 26.
Rxc4 Qxb5 27. Rc3 Ra8 28. Rb3 Qc5 29. Qxc5 bxc5 30. Rxb7 Rd8 31. Rc7 f6 32.
Kg2 Kh7 33. Kg3 Kg6 34. Kg4 h5+ 35. Kf4 f5 36. exf5+ Kf6 37. h4 g6 38. fxg6
Kxg6 39. Kg3 Kf5 40. Rc6 Ke5 41. Rc7 Rg8+ 42. Kh3 Rh8 43. Rf7 Kxd5 44. f4
Ke6 45. Rc7 Rh6 46. Kg3 Kd5 47. f5 Ke5 48. Rf7 d5 49. Rd7 c4 50. f4+ Kxf5
51. Rxd5+ Ke6 52. Rc5 Kd6 53. Rxc4 Kd5 54. Ra4 Rg6+ 55. Kh3 Rh6 56. Ra5+ Ke4
57. Kg3 Rg6+ 58. Rg5 Rxg5+ 59. hxg5 Kf5 60. Kh4 Kg6 61. f5+ Kxf5 62. Kxh5
Ke6 63. g6 Ke7 64. g7 Kf7 65. Kh6 Kg8 66. Kg6 {Black stalemated} 1/2-1/2

[Event "ICC tourney 2673 (25 5)"]
[Site "Internet Chess Club"]
[Date "2021.09.18"]
[Round "4"]
[White "KANTEM, SAMANVI:samanvikantem"]
[Black "XUE, JACK:K03-17241051"]
[Result "1-0"]
[ICCResult "Black checkmated"]
[WhiteElo "929"]
[BlackElo "1148"]
[Opening "Four knights: Italian variation"]
[ECO "C55"]
[NIC "IG.01"]
[Time "15:31:15"]
[TimeControl "1500+5"]

1. e4 e5 2. Nf3 Nc6 3. Bc4 Nf6 4. Nc3 Nxe4 5. Bxf7+ Kxf7 6. Nxe4 d5 7. Neg5+
Kg8 8. d3 h6 9. Nh3 Bc5 10. O-O Bg4 11. Be3 Bd6 12. c3 Qf6 13. Kh1 Kh7 14.
Nfg5+ hxg5 15. Qxg4 Kg8 16. Bxg5 Qg6 17. f4 exf4 18. Nxf4 Bxf4 19. Qxf4 Qh5
20. g4 Qg6 21. Qf5 Qxf5 22. gxf5 Rh5 23. Rg1 Ne5 24. Bf6 Nf3 25. Rxg7+ Kf8
26. Rg2 Re8 27. Bg7+ Kf7 28. f6 Ree5 29. Rf2 Ng5 30. d4 Re3 31. Rg1 Reh3 32.
Rgg2 Nf3 33. Re2 Kg8 34. Re8+ Kf7 35. Rf8+ Ke6 36. Re8+ Kf5 37. Ree2 Ng5 38.
Rxg5+ Rxg5 39. f7 Kg6 40. f8=Q Rf5 41. Rg2+ Rg5 42. Qf6+ Kh7 43. Rxg5 Rf3
44. Rh5+ Kg8 45. Rh8# {Black checkmated} 1-0

[Event "ICC tourney 2673 (25 5)"]
[Site "Internet Chess Club"]
[Date "2021.09.18"]
[Round "4"]
[White "Merriman, Dann Hu:theLittlePetey"]
[Black "QI, JENNY:eevee11"]
[Result "0-1"]
[ICCResult "White checkmated"]
[WhiteElo "1256"]
[BlackElo "1393"]
[Opening "Giuoco Piano: Greco's attack"]
[ECO "C54"]
[NIC "IG.02"]
[Time "15:30:45"]
[TimeControl "1500+5"]

1. e4 e5 2. Nf3 Nc6 3. Bc4 Bc5 4. c3 Nf6 5. d4 exd4 6. cxd4 Bb4+ 7. Nc3 Nxe4
8. O-O O-O 9. Nxe4 d5 10. Neg5 dxc4 11. Qc2 g6 12. Qxc4 h6 13. Ne4 Be6 14.
Qd3 Bf5 15. Bxh6 Re8 16. Nfd2 Bxd2 17. Qxd2 Bxe4 18. Bg5 Qd5 19. Bf6 Kh7 20.
Qf4 Qh5 21. Qxc7 Nd8 22. Rae1 Qf5 23. Be5 Ne6 24. Qc1 Rac8 25. Qe3 Bd3 26.
Qg3 Bxf1 27. Qh4+ Qh5 28. Qf6 g5 29. Kxf1 Qg6 30. Qf3 g4 31. Qg3 f6 32. Qh4+
Kg7 33. Bd6 Rcd8 34. Qg3 Ng5 35. Qc3 Rxe1+ 36. Kxe1 Re8+ 37. Kd1 Qb1+ 38.
Qc1 Qxc1+ 39. Kxc1 Rd8 40. Bc5 b6 41. b4 bxc5 42. dxc5 Rc8 43. Kb2 Ne6 44.
Kc3 Nxc5 45. bxc5 Rxc5+ 46. Kd4 Ra5 47. a4 Rxa4+ 48. Ke3 Rc4 49. Kd3 Rc8 50.
Ke3 a5 51. Kf4 a4 52. Kxg4 a3 53. Kf4 a2 54. h4 a1=Q 55. h5 Qe5+ 56. Kg4
Rc4+ 57. f4 Qxf4+ 58. Kh3 Qh4# {White checkmated} 0-1

[Event "ICC tourney 2673 (25 5)"]
[Site "Internet Chess Club"]
[Date "2021.09.18"]
[Round "4"]
[White "JOSHI, AARAV:K05-30026655"]
[Black "YADATORE, NEEL:K09-30026420"]
[Result "0-1"]
[ICCResult "White checkmated"]
[WhiteElo "1053"]
[BlackElo "729"]
[Opening "QGD Slav: 4.Nc3"]
[ECO "D15"]
[NIC "SL.03"]
[Time "15:30:54"]
[TimeControl "1500+5"]

1. d4 d5 2. c4 c6 3. Nf3 Nf6 4. Nc3 Bf5 5. Bf4 e6 6. e3 Bd6 7. Bd3 Bxd3 8.
Qxd3 Bxf4 9. exf4 Qc7 10. Ne5 Nbd7 11. O-O Nxe5 12. fxe5 Nd7 13. Qg3 Rg8 14.
b3 dxc4 15. bxc4 O-O-O 16. Rab1 Nb6 17. d5 exd5 18. cxd5 Nxd5 19. Nxd5 Rxd5
20. Qg4+ Kb8 21. Qh4 Qxe5 22. Rfe1 Qf5 23. Qe7 Qd7 24. Re5 Qxe7 25. Rxe7 b6
26. Rxf7 Rd2 27. h3 Rxa2 28. Re1 c5 29. Ree7 c4 30. Rc7 Rc8 31. Rxc8+ Kxc8
32. Rf4 Rc2 33. Rf8+ Kb7 34. Rf7+ Ka6 35. Kf1 b5 36. Ke1 b4 37. Rxg7 b3 38.
Kd1 c3 39. Rf7 Rd2+ 40. Kc1 b2+ 41. Kb1 Rd1+ 42. Kc2 b1=Q+ 43. Kxc3 Rd3+ 44.
Kc4 Qb3+ 45. Kc5 Rd5+ 46. Kc6 Qb5+ 47. Kc7 Qb7# {White checkmated} 0-1

[Event "ICC tourney 2673 (25 5)"]
[Site "Internet Chess Club"]
[Date "2021.09.18"]
[Round "4"]
[White "VENUTURUMILLI, DHRUV :CaringTrouble"]
[Black "SINGH, AKSHAT:akshatsingh475"]
[Result "0-1"]
[ICCResult "White checkmated"]
[WhiteElo "708"]
[BlackElo "923"]
[Opening "French: advance, Paulsen attack"]
[ECO "C02"]
[NIC "FR.03"]
[Time "15:30:51"]
[TimeControl "1500+5"]

1. e4 e6 2. d4 d5 3. e5 c5 4. c3 Nc6 5. Nf3 Nge7 6. Bb5 a6 7. Bxc6+ Nxc6 8.
O-O Be7 9. Nbd2 O-O 10. a3 c4 11. b4 cxb3 12. Nxb3 Qc7 13. Qd3 Bd7 14. Bg5
Qd8 15. Nc5 Bxg5 16. Nxg5 Qxg5 17. Nxd7 Rfd8 18. Nb6 Rab8 19. c4 dxc4 20.
Nxc4 Rxd4 21. Qc3 Nxe5 22. f4 Rxc4 23. Qxc4 Qxg2+ 24. Kxg2 Nxc4 25. Rf3 Rd8
26. Rc3 Rd4 27. Rac1 b5 28. a4 Rxf4 29. axb5 axb5 30. Rd1 g6 31. Rf1 Re4 32.
Rb1 b4 33. Rxb4 Ne3+ 34. Rxe3 Rxe3 35. h4 Kg7 36. Rg4 f5 37. Rf4 Kf6 38. Rf3
Rxf3 39. Kxf3 e5 40. Kg3 h6 41. Kf3 g5 42. h5 g4+ 43. Kg3 Kg5 44. Kf2 Kxh5
45. Kg3 f4+ 46. Kf2 Kh4 47. Kg2 e4 48. Kf2 g3+ 49. Kg2 f3+ 50. Kg1 e3 51.
Kf1 Kh3 52. Kg1 f2+ 53. Kf1 g2+ 54. Ke2 f1=Q+ 55. Kxe3 g1=Q+ 56. Ke4 Qe1+
57. Kd5 Qg5+ 58. Kd4 Qgd2+ 59. Kc4 Qec1+ 60. Kb3 Qdb2+ 61. Ka4 Qca1#
{White checkmated}
0-1

[Event "ICC tourney 2673 (25 5)"]
[Site "Internet Chess Club"]
[Date "2021.09.18"]
[Round "4"]
[White "YAN, CLAIRE:Cychess88"]
[Black "AMBA, ADVAITH:advichess"]
[Result "1-0"]
[ICCResult "Black checkmated"]
[WhiteElo "450"]
[BlackElo "1072"]
[Opening "QGA, 4.Nc3"]
[ECO "D24"]
[NIC "QG.03"]
[Time "15:30:45"]
[TimeControl "1500+5"]

1. d4 d5 2. c4 dxc4 3. Nc3 Nf6 4. Nf3 Nc6 5. e3 e6 6. Bxc4 Bb4 7. O-O O-O 8.
Bd3 b6 9. a3 Bd6 10. e4 e5 11. dxe5 Nxe5 12. Nxe5 Bxe5 13. h3 Bb7 14. Bg5
Qd6 15. Nb5 Bh2+ 16. Kh1 Qe5 17. Bxf6 Qxf6 18. Kxh2 Qe5+ 19. Kg1 Qxb2 20.
Nxc7 Rac8 21. Nb5 Rc5 22. Qg4 Qb3 23. Rfd1 Ba6 24. Nd4 Qa4 25. Bxa6 Qxa6 26.
e5 Rxe5 27. Nf5 g6 28. Nh6+ Kg7 29. Qf4 Qe2 30. Re1 Qxe1+ 31. Rxe1 Rxe1+ 32.
Kh2 Re7 33. Ng4 f5 34. Qd4+ Kf7 35. Ne5+ Ke8 36. Qa4+ Kd8 37. Qd4+ Kc8 38.
Qc4+ Kd8 39. Nc6+ Kd7 40. Nxe7 Kxe7 41. Qb4+ Ke8 42. Qb5+ Kd8 43. Qd5+ Ke7
44. Qb7+ Ke6 45. Qxa7 Rf7 46. Qxb6+ Ke5 47. Qc5+ Ke6 48. Qc6+ Ke5 49. a4 Rf6
50. Qc3+ Ke6 51. a5 Kf7 52. Qc4+ Ke7 53. Qb5 f4 54. Qb7+ Ke8 55. a6 Rf7 56.
a7 Rxb7 57. a8=Q+ Kf7 58. Qxb7+ Kf6 59. Qe4 Kf7 60. Qxf4+ Ke7 61. Qh6 Kf6
62. Qxh7 Kf5 63. g4+ Kg5 64. f4+ Kxf4 65. Qxg6 Ke3 66. h4 Kd4 67. h5 Ke3 68.
h6 Kf4 69. h7 Ke5 70. h8=Q+ Kf4 71. Qhh5 Kf3 72. Qc6+ Kf4 73. Qc4+ Ke3 74.
Qh3+ Kd2 75. Qf4+ Kc2 76. Qhf1 Kc3 77. Q1c4+ Kb2 78. Qd3 Ka2 79. Qf2+ Ka1
80. Qd1# {Black checkmated} 1-0

[Event "ICC tourney 2673 (25 5)"]
[Site "Internet Chess Club"]
[Date "2021.09.18"]
[Round "4"]
[White "Maddipati, Srijani:srijanim"]
[Black "VADHER, DEVAJ MAYANK:DevajVadher"]
[Result "0-1"]
[ICCResult "White checkmated"]
[WhiteElo "865"]
[BlackElo "1244"]
[Opening "Caro-Kann: Panov-Botvinnik attack, 5...e6"]
[ECO "B14"]
[NIC "CK.02"]
[Time "15:30:47"]
[TimeControl "1500+5"]

1. e4 c6 2. d4 d5 3. exd5 cxd5 4. c4 e6 5. Nc3 Nf6 6. Nf3 Nc6 7. Bd3 Be7 8.
O-O O-O 9. Re1 a6 10. Bg5 dxc4 11. Bxc4 b5 12. Bb3 Bb7 13. Bc2 Rc8 14. Rc1
Nd5 15. Nxd5 Bxg5 16. Nxg5 Qxg5 17. Ne3 Rfd8 18. Qd3 g6 19. d5 Nb4 20. Qb3
Nxd5 21. Nxd5 Bxd5 22. Qg3 Qxg3 23. fxg3 Bxa2 24. b3 Rc3 25. b4 Rdc8 26. Re2
Bb3 27. Kf2 Rxc2 28. Rexc2 Rxc2+ 29. Rxc2 Bxc2 30. Ke2 Kg7 31. Kf2 Kf6 32.
Kf3 Ba4 33. Ke3 Ke5 34. g4 f5 35. gxf5 exf5 36. g3 g5 37. h3 h5 38. h4 g4
39. Kd3 f4 40. gxf4+ Kxf4 41. Kd4 g3 42. Kc5 g2 43. Kb6 g1=Q+ 44. Kxa6 Kg4
45. Kb7 Kxh4 46. Kc7 Kg5 47. Kd6 h4 48. Kd7 h3 49. Ke6 h2 50. Ke7 h1=Q 51.
Ke8 Qe4+ 52. Kd7 Qgd4+ 53. Kc8 Qc6+ 54. Kb8 Qdb6# {White checkmated} 0-1

[Event "ICC tourney 2673 (25 5)"]
[Site "Internet Chess Club"]
[Date "2021.09.18"]
[Round "4"]
[White "NAVANEETH, ANUVRATAA:anudgr8cat"]
[Black "MITTAPALLI, LAKSHMI ANISH REDDY REDDY:AnishMittapalli"]
[Result "0-1"]
[ICCResult "White checkmated"]
[WhiteElo "536"]
[BlackElo "884"]
[Opening "Giuoco Piano"]
[ECO "C53"]
[NIC "IG.02"]
[Time "15:30:48"]
[TimeControl "1500+5"]

1. e4 e5 2. Nf3 Nc6 3. Bc4 Bc5 4. c3 d6 5. h3 h6 6. d4 exd4 7. cxd4 Bb6 8.
Nc3 Nf6 9. O-O Ba5 10. Re1 Ne7 11. a3 Bxc3 12. bxc3 Ng6 13. e5 dxe5 14. dxe5
Qxd1 15. Rxd1 Ng8 16. Re1 N8e7 17. Rb1 b6 18. e6 fxe6 19. Bxe6 Bxe6 20. Rxe6
Rg8 21. Bd2 O-O-O 22. c4 Rde8 23. Bb4 c5 24. Bd2 Rgf8 25. Ne5 Nxe5 26. Rxe5
Nc6 27. Rxe8+ Rxe8 28. Bc3 g5 29. Bg7 h5 30. Bf6 g4 31. hxg4 hxg4 32. Kh2
Re6 33. Bg5 Rg6 34. Bf4 Nd4 35. Re1 Rg7 36. Re8+ Kb7 37. Rb8+ Ka6 38. Be5
Rd7 39. Kg3 Nc2 40. Kxg4 Nxa3 41. f4 Nxc4 42. Bc3 b5 43. f5 b4 44. Bg7 Rxg7+
45. Kf3 Nb6 46. f6 Rf7 47. g4 Rxf6+ 48. Kg3 b3 49. Re8 b2 50. Re1 Nc4 51. g5
Rg6 52. Kg4 Rxg5+ 53. Kxg5 Na3 54. Re6+ Kb5 55. Re1 b1=Q 56. Rxb1+ Nxb1 57.
Kf4 c4 58. Ke3 c3 59. Kd3 Kb4 60. Kc2 Na3+ 61. Kc1 c2 62. Kd2 Kb3 63. Kc1 a5
64. Kd2 Kb2 65. Kd3 c1=Q 66. Ke4 Nc4 67. Kf3 Qe3+ 68. Kg4 Ne5+ 69. Kf5 Kc3
70. Ke6 Kd4 71. Kd6 Nc4+ 72. Kc6 Qe5 73. Kd7 Qd6+ 74. Ke8 a4 75. Kf7 a3 76.
Ke8 a2 77. Kf7 a1=Q 78. Ke8 Qe1+ 79. Kf7 Qee6+ 80. Kg7 Qde7+ 81. Kh8 Q6f6+
82. Kg8 Qeg7# {White checkmated} 0-1

[Event "ICC tourney 2673 (25 5)"]
[Site "Internet Chess Club"]
[Date "2021.09.18"]
[Round "4"]
[White "CHETLAPALLI, VISHNU:K01-30144870"]
[Black "MENON, DHRUV:dmenon25"]
[Result "1-0"]
[ICCResult "Black resigns"]
[WhiteElo "995"]
[BlackElo "1202"]
[Opening "King's Indian: 5.Nf3"]
[ECO "E90"]
[NIC "KI.21"]
[Time "15:30:48"]
[TimeControl "1500+5"]

1. d4 Nf6 2. c4 g6 3. Nc3 Bg7 4. e4 d6 5. Nf3 O-O 6. Bd3 Nbd7 7. O-O e5 8.
Be3 exd4 9. Nxd4 b6 10. Rc1 Bb7 11. f4 a6 12. Nd5 c5 13. Nf3 Nxd5 14. cxd5
Bxb2 15. Rb1 Bg7 16. f5 b5 17. g4 Qe7 18. Re1 Nf6 19. g5 Nxe4 20. f6 Qe8 21.
fxg7 Kxg7 22. Bxe4 Kg8 23. Bc2 Qd7 24. Bf4 Qg4+ 25. Bg3 Qc4 26. Bb3 Qg4 27.
Kg2 c4 28. h3 Qd7 29. Bc2 Bc8 30. Rh1 f5 31. Nd4 f4 32. Bf2 Bb7 33. Be4 Rae8
34. Ne6 Rf7 35. Re1 Bc8 36. Qg4 Qe7 37. Bd4 Qb7 38. a4 b4 39. Qf3 a5 40. Bf6
c3 41. Bxc3 Qd7 42. Bf6 Qxa4 43. Nxf4 Qd7 44. Nxg6 Ba6 45. Bf5 Qc8 46. Bxc8
{Black resigns}
1-0

[Event "ICC tourney 2673 (25 5)"]
[Site "Internet Chess Club"]
[Date "2021.09.18"]
[Round "4"]
[White "HU, DAREN:K03-17223295"]
[Black "ADDURI, MANSI:K03-17004388"]
[Result "1-0"]
[ICCResult "Black checkmated"]
[WhiteElo "1188"]
[BlackElo "963"]
[Opening "Scandinavian (center counter) defense"]
[ECO "B01"]
[NIC "SD.02"]
[Time "15:30:47"]
[TimeControl "1500+5"]

1. e4 d5 2. exd5 Qxd5 3. Nc3 Qd8 4. Nf3 Nf6 5. Bc4 Nc6 6. d3 e5 7. Ng5 Nd5
8. Bxd5 Be6 9. Bxe6 fxe6 10. Nxe6 Qe7 11. Nxf8 Qxf8 12. O-O Qf7 13. Re1 O-O
14. Rf1 Rad8 15. Bg5 Rd7 16. Re1 Qxf2+ 17. Kh1 Qf5 18. Bd2 Qg6 19. Rf1 Re8
20. Qf3 a6 21. Rf2 h6 22. Qf5 Qxf5 23. Rxf5 Nd4 24. Rf2 Nxc2 25. Rc1 Nb4 26.
Rf3 Nxd3 27. Rb1 e4 28. Re3 b5 29. Kg1 Kf7 30. Rf1+ Kg6 31. Rg3+ Kh7 32. Bc1
Nxc1 33. Rxc1 e3 34. Re1 Rde7 35. Nd5 Re5 36. Nxe3 h5 37. Kf2 Rf8+ 38. Rf3
Rfe8 39. Nc2 Rxe1 40. Nxe1 g5 41. Rf5 Kg6 42. Rc5 Rf8+ 43. Kg1 Rd8 44. Nf3
g4 45. Nh4+ Kh6 46. Nf5+ Kg6 47. Nh4+ Kh6 48. Nf5+ Kg6 49. Ne3 Kh6 50. Rxc7
Kg5 51. Rc5+ Kf4 52. Nd5+ Ke4 53. Nf6+ Ke3 54. Rc3+ Ke2 55. Rc1 Kd2 56. Rf1
Ke2 57. Nxh5 Ke3 58. Nf6 Rd4 59. Re1+ Kf4 60. g3+ Kf3 61. Rf1+ Ke3 62. Rf4
Rd1+ 63. Rf1 Rd4 64. Rc1 Kf3 65. Nh7 Rd7 66. Ng5+ Ke3 67. Rc3+ Ke2 68. Rc1
Rd5 69. Ne6 Rd2 70. Nf4+ Kf3 71. Rc3+ Ke4 72. Rb3 Rd1+ 73. Kf2 Rd2+ 74. Ne2
Kf5 75. Ke3 Rd5 76. Nd4+ Ke5 77. Nc6+ Ke6 78. Nb4 Rd6 79. Rd3 Rb6 80. Rd4 a5
81. Nd3 Kf5 82. Rf4+ Kg5 83. Ne5 Re6 84. Kd4 Kh5 85. Rf5+ Kh6 86. Nxg4+ Kg6
87. Re5 Rd6+ 88. Rd5 Rb6 89. Ne5+ Kf6 90. Nd7+ Ke6 91. Nxb6 Ke7 92. h4 Kf7
93. h5 Kg7 94. Rd6 Kf7 95. h6 Kg8 96. Rd7 a4 97. h7+ Kh8 98. g4 b4 99. g5 a3
100. bxa3 bxa3 101. Rd8+ Kxh7 102. Nd5 Kg7 103. Ra8 Kg6 104. Rxa3 Kg7 105.
Ne7 Kf7 106. Rf3+ Kg7 107. Nf5+ Kg6 108. a4 Kh5 109. a5 Kg4 110. a6 Kxf3
111. a7 Kg4 112. a8=Q Kxf5 113. Qd5+ Kg6 114. Qe6+ Kh5 115. Ke4 Kh4 116. g6
Kh5 117. g7 Kg5 118. g8=Q+ Kh5 119. Qh3# {Black checkmated} 1-0

[Event "ICC tourney 2673 (25 5)"]
[Site "Internet Chess Club"]
[Date "2021.09.18"]
[Round "5"]
[White "SANGAL LOPEZ, DEV:devsl"]
[Black "INDRAKANTI, SAMVIK:K03-16771001"]
[Result "1-0"]
[ICCResult "Black checkmated"]
[WhiteElo "714"]
[BlackElo "294"]
[Opening "Queen's pawn: Charlick (Englund) gambit"]
[ECO "A40"]
[NIC "QO.17"]
[Time "17:01:08"]
[TimeControl "1500+5"]

1. d4 e5 2. dxe5 Bb4+ 3. c3 Bc5 4. Nf3 Nf6 5. exf6 Qxf6 6. Qc2 d6 7. Nbd2
Bg4 8. Ne4 Qe6 9. Nxc5 Bxf3 10. Nxe6 fxe6 11. exf3 Nc6 12. Qe4 O-O-O 13.
Qxe6+ Kb8 14. Bb5 Rhe8 15. Qxe8 Rxe8+ 16. Be3 Ne5 17. Bxe8 Nc4 18. O-O Nxe3
19. Rfe1 Nc2 20. Bd7 Nxe1 21. Rxe1 b6 22. Bc6 a5 23. Re8+ Ka7 24. Ra8#
{Black checkmated}
1-0

[Event "ICC tourney 2673 (25 5)"]
[Site "Internet Chess Club"]
[Date "2021.09.18"]
[Round "5"]
[White "Rastogi, Viraj:masterviraj"]
[Black "WUDALI, PRANAV AVYAI:Pwudali"]
[Result "1-0"]
[ICCResult "Black checkmated"]
[WhiteElo "738"]
[BlackElo "474"]
[Opening "King's pawn game"]
[ECO "C50"]
[NIC "IG.03"]
[Time "17:00:18"]
[TimeControl "1500+5"]

1. e4 e5 2. Nf3 Nc6 3. Bc4 h6 4. Nc3 Nf6 5. d3 Bc5 6. Be3 d6 7. Bxc5 dxc5 8.
O-O O-O 9. Nd5 Nxd5 10. Bxd5 Nb4 11. Bb3 a5 12. a3 Be6 13. Bxe6 Nxc2 14.
Qxc2 fxe6 15. Qxc5 b6 16. Qxe5 Qxd3 17. Rfd1 Qc2 18. Qxe6+ Rf7 19. Ne5 Qxf2+
20. Kh1 Rf8 21. Nxf7 Rxf7 22. Qe8+ Rf8 23. Qe6+ Rf7 24. h3 Qxb2 25. Rd8+ Kh7
26. Qxf7 Qxa1+ 27. Kh2 Qe5+ 28. Kg1 Qa1+ 29. Qf1 Qxa3 30. Qf5+ g6 31. Qf7#
{Black checkmated}
1-0

[Event "ICC tourney 2673 (25 5)"]
[Site "Internet Chess Club"]
[Date "2021.09.18"]
[Round "5"]
[White "XUE, JACK:K03-17241051"]
[Black "SINGH, AKSHAT:akshatsingh475"]
[Result "1-0"]
[ICCResult "Black checkmated"]
[WhiteElo "1148"]
[BlackElo "923"]
[Opening "French defense"]
[ECO "C00"]
[NIC "FR.01"]
[Time "17:00:19"]
[TimeControl "1500+5"]

1. e4 e6 2. Nf3 Nf6 3. e5 Nd5 4. c4 Nf4 5. d4 Bb4+ 6. Nc3 Ng6 7. a3 Ba5 8.
b4 Bb6 9. c5 O-O 10. cxb6 axb6 11. Bd3 Nc6 12. h4 d5 13. b5 Nce7 14. h5 Nf4
15. Bxf4 Nf5 16. g4 Ne7 17. g5 Nf5 18. Kd2 Qe7 19. g6 fxg6 20. Bg5 Qf7 21.
hxg6 hxg6 22. Rh3 Nh6 23. Bxh6 gxh6 24. Qg1 Qf4+ 25. Kc2 Qf7 26. Rxh6 Re8
27. Bxg6 Qf8 28. Bh5+ Qg7 29. Rg6 Re7 30. Qg5 Qxg6+ 31. Qxg6+ Rg7 32. Qe8+
Kh7 33. Bg6+ Rxg6 34. Qf7+ Rg7 35. Rh1# {Black checkmated} 1-0

[Event "ICC tourney 2673 (25 5)"]
[Site "Internet Chess Club"]
[Date "2021.09.18"]
[Round "5"]
[White "YAN, CLAIRE:Cychess88"]
[Black "CHETLAPALLI, VISHNU:K01-30144870"]
[Result "1-0"]
[ICCResult "Black resigns"]
[WhiteElo "450"]
[BlackElo "995"]
[Opening "QGD: 4.Nf3"]
[ECO "D37"]
[NIC "QO.16"]
[Time "17:00:15"]
[TimeControl "1500+5"]

1. d4 d5 2. c4 e6 3. Nc3 Nf6 4. Nf3 Bd6 5. e3 O-O 6. cxd5 Nxd5 7. Nxd5 exd5
8. Bd3 Bg4 9. Bc2 Re8 10. Qd3 g6 11. Qe2 Bb4+ 12. Bd2 c5 13. Bxb4 cxb4 14.
O-O Nd7 15. h3 Bxf3 16. Qxf3 Rc8 17. Bb3 Nf6 18. Ba4 Re6 19. Rfc1 Rxc1+ 20.
Rxc1 Ne4 21. Qe2 Rf6 22. f3 Ng3 23. Qf2 Ne4 24. Qe1 Ng5 25. Qxb4 Re6 26.
Qxb7 Rxe3 27. Rc8 Re1+ 28. Kf2 Nxh3+ 29. Kxe1 Qxc8 30. Qxc8+ Kg7 31. Qxh3 f6
32. Qd7+ Kh6 33. Qxa7 f5 34. Qc5 Kg5 35. Qc1+ Kf6 36. Qh6 Kf7 37. Qxh7+ Kf6
38. Qh8+ Kg5 39. Qe5 Kh4 40. Qxd5 {Black resigns} 1-0

[Event "ICC tourney 2673 (25 5)"]
[Site "Internet Chess Club"]
[Date "2021.09.18"]
[Round "5"]
[White "ZHAO, DANSON:K01-30127679"]
[Black "Merriman, Dann Hu:theLittlePetey"]
[Result "0-1"]
[ICCResult "White checkmated"]
[WhiteElo "1110"]
[BlackElo "1256"]
[Opening "Petrov's defense"]
[ECO "C42"]
[NIC "RG.03"]
[Time "17:01:08"]
[TimeControl "1500+5"]

1. e4 e5 2. Nf3 Nf6 3. Nxe5 Nc6 4. Nxc6 dxc6 5. Nc3 Bc5 6. Bc4 Ng4 7. O-O
Qh4 8. h3 Bxf2+ 9. Rxf2 Qxf2+ 10. Kh1 Qh4 11. Qf3 Qe1+ 12. Qf1 Qxf1+ 13.
Bxf1 Nf6 14. d3 Be6 15. Bg5 Nh5 16. Kh2 f6 17. Be3 O-O-O 18. Be2 g6 19. g4
Ng7 20. Bh6 Rhg8 21. Be3 a6 22. Rf1 f5 23. Bg5 Rdf8 24. exf5 gxf5 25. gxf5
Nxf5 26. Bd2 Nd4 27. Rxf8+ Rxf8 28. Be3 Nxc2 29. Bc5 Rf5 30. Bg1 Rf7 31. Bd1
Nb4 32. Be2 Nxa2 33. Nxa2 Bxa2 34. Bg4+ Kb8 35. Bh5 Rg7 36. Bd4 Rg5 37. Bg4
h5 38. Be3 Rb5 39. Bf3 Rxb2+ 40. Kg3 Bf7 41. Bd4 Rb4 42. Bc3 Rb3 43. Bg7
Rxd3 44. Kf4 Bd5 45. Bxd5 Rxd5 46. h4 a5 47. Bb2 b5 48. Ke4 Kb7 49. Ke3 b4
50. Ke4 Rd6 51. Kf5 c5 52. Kg5 Rd5+ 53. Kg6 c4 54. Kf6 c3 55. Bxc3 bxc3 56.
Ke6 c6 57. Ke7 c2 58. Ke8 c1=Q 59. Kf8 Qe3 60. Kf7 Rf5+ 61. Kg6 Qe6+ 62. Kg7
Rf7+ 63. Kh8 Qe8# {White checkmated} 0-1

[Event "ICC tourney 2673 (25 5)"]
[Site "Internet Chess Club"]
[Date "2021.09.18"]
[Round "5"]
[White "VADHER, PREASH MAYANK:preashvadher"]
[Black "LI, DEREK W:TheKandor"]
[Result "1-0"]
[ICCResult "Black resigns"]
[WhiteElo "771"]
[BlackElo "974"]
[Opening "Sicilian: Smith-Morra gambit"]
[ECO "B21"]
[NIC "SI.48"]
[Time "17:00:16"]
[TimeControl "1500+5"]

1. e4 c5 2. d4 cxd4 3. c3 Nc6 4. cxd4 Nf6 5. e5 Nd5 6. Bc4 Nb6 7. Bb3 d5 8.
Nf3 e6 9. O-O Bb4 10. Bg5 Be7 11. Bxe7 Qxe7 12. Nbd2 Bd7 13. Re1 O-O 14. Qe2
Na5 15. Bc2 a6 16. Qd3 f5 17. exf6 gxf6 18. Nh4 Rac8 19. Nf5 Qf7 20. Nh6+
Kh8 21. Nxf7+ Rxf7 22. b3 Rg7 23. Bb1 Rcg8 24. g3 f5 25. Nf3 f4 26. Ne5 fxg3
27. fxg3 Bb5 28. Qf3 h6 29. Nf7+ {Black resigns} 1-0

[Event "ICC tourney 2673 (25 5)"]
[Site "Internet Chess Club"]
[Date "2021.09.18"]
[Round "5"]
[White "HU, DAREN:K03-17223295"]
[Black "ZHANG, BRIAN ZHIHONG:brianzhang9"]
[Result "1-0"]
[ICCResult "Black resigns"]
[WhiteElo "1188"]
[BlackElo "277"]
[Opening "Sicilian: Alapin's variation (2.c3)"]
[ECO "B22"]
[NIC "SI.46"]
[Time "17:00:22"]
[TimeControl "1500+5"]

1. e4 c5 2. c3 d6 3. d4 cxd4 4. cxd4 Nf6 5. Nc3 g6 6. Nf3 Bg7 7. Bc4 Bg4 8.
h3 Bxf3 9. Qxf3 O-O 10. O-O e5 11. dxe5 dxe5 12. Bg5 Nbd7 13. Rad1 Qb6 14.
b3 h6 15. Be3 Qa5 16. Bd2 Rad8 17. Na4 Qc7 18. Qg3 Nxe4 19. Qxg6 Nxd2 20.
Rxd2 Qxc4 21. Qxg7+ Kxg7 22. bxc4 b6 23. Rfd1 Nc5 24. Rxd8 Rxd8 25. Rxd8
Nxa4 26. Ra8 a5 27. Re8 Kf6 28. Rh8 Kg6 29. Kh2 f5 30. Kg3 Nc3 31. Rb8 Na4
32. f4 e4 33. Kf2 Kf6 34. Ke3 Ke6 35. g4 Kf6 36. gxf5 Kxf5 37. Rf8+ Ke6 38.
Rh8 h5 39. Rxh5 Nb2 40. Kxe4 Nxc4 41. Rh6+ Kf7 42. Kd4 b5 43. f5 Na3 44. Ra6
a4 45. h4 Kg7 46. h5 Kf7 47. h6 Kg8 48. Ra7 Nc2+ 49. Kc3 Ne3 50. h7+ Kh8 51.
f6 Nd5+ 52. Kd4 Nxf6 53. Kc5 Nxh7 54. Rxh7+ Kxh7 55. Kxb5 Kg7 56. Kxa4 Kf7
57. Kb5 Ke8 58. Kb6 Kd8 59. Kb7 Kd7 60. a3 Kd6 61. a4 {Black resigns} 1-0

[Event "ICC tourney 2673 (25 5)"]
[Site "Internet Chess Club"]
[Date "2021.09.18"]
[Round "5"]
[White "AMBA, ADVAITH:advichess"]
[Black "MOGHE, ARJUN CHAITANYA:Galactico7"]
[Result "0-1"]
[ICCResult "White checkmated"]
[WhiteElo "1072"]
[BlackElo "785"]
[Opening "Sicilian: Hungarian variation"]
[ECO "B27"]
[NIC "SI.43"]
[Time "17:00:22"]
[TimeControl "1500+5"]

1. e4 c5 2. Nf3 g6 3. c4 Bg7 4. d3 d6 5. Be3 Bxb2 6. Nbd2 Bxa1 7. Qxa1 Nf6
8. h3 Nc6 9. g4 Nb4 10. Qb2 Qb6 11. Bh6 Nxd3+ 12. Bxd3 Qxb2 13. O-O Qxa2 14.
Bb1 Qa6 15. Bc2 b5 16. Bd3 bxc4 17. Bxc4 Qc6 18. Rb1 Ba6 19. Bxa6 Qxa6 20.
Bg7 Rg8 21. Bh6 Qc6 22. Be3 Nxe4 23. Nxe4 Qxe4 24. Ng5 Qxb1+ 25. Kg2 a5 26.
Nxh7 a4 27. Ng5 a3 28. Nf3 a2 29. Nd2 Qb7+ 30. Kg3 a1=Q 31. Kf4 Qe5#
{White checkmated}
0-1